 Dungeon Crawl Stone Soup version 0.30-a0-765-g3161bf10a1 (webtiles) character file.

Game seed: 15700341001463093903

180 Lavandula the Slasher (level 5, -2/36 (41) HPs)
             Began as a Human Monk on Feb 11, 2023.
             Slain by a wight
             ... wielding a +0 falchion
              (7 damage)
             ... on level 4 of the Dungeon.
             The game lasted 00:02:36 (2245 turns).

Lavandula the Slasher (Human Monk)                  Turns: 2245, Time: 00:02:36

HP:   -2/36 (41)    AC:  6    Str: 13    XL:     5   Next: 91%
MP:   5/5           EV: 10    Int: 10    God:
Gold: 231           SH:  0    Dex: 16    Spells: 4/4 levels left

rFire   . . .      SeeInvis .    a - +0 falchion
rCold   . . .      Faith    .    (no shield)
rNeg    . . .      Spirit   .    h - +0 scale mail
rPois   .          Reflect  .    (no helmet)
rElec   .          Harm     .    (no cloak)
rCorr   .          Rampage  .    (no gloves)
Will    .....                    (no boots)
Stlth   +                        (no amulet)
HPRegen 0.26/turn                (no ring)
MPRegen 0.09/turn                (no ring)

@: flying, heavily drained
A: no striking features
a: no special abilities


You were on level 4 of the Dungeon.
You visited 1 branch of the dungeon, and saw 4 of its levels.

You collected 231 gold pieces.

Inventory:

Hand Weapons
 a - a +0 falchion (weapon)
Missiles
 i - 6 boomerangs (quivered)
Armour
 b - a +0 robe
 h - a +0 scale mail (worn)
Jewellery
 r - a ring of fire
Scrolls
 e - 3 scrolls of teleportation {unknown}
 f - a scroll of amnesia {unknown}
 g - 5 scrolls of identify {unknown}
 j - a scroll of immolation {unknown}
 k - a scroll of enchant armour {unknown}
 n - a scroll of fog {unknown}
 o - a scroll of blinking {unknown}
 p - a scroll of magic mapping {unknown}
Potions
 l - a potion of curing {unknown}
 m - a potion of lignification {unknown}
 q - a potion of heal wounds {unknown}


   Skills:
 - Level 3.0 Fighting
 + Level 6.1 Long Blades
 - Level 3.0 Dodging
 - Level 2.0 Stealth


You had 4 spell levels left.
You didn't know any spells.
Your spell library contained the following spells:

 Spells                   Type           Power      Damage    Failure   Level
 Apportation              Tloc           0%         N/A       88%         1
 Ensorcelled Hibernation  Hex/Ice        0%         N/A       96%         2
 Passwall                 Tmut/Erth      0%         N/A       96%         2
 Portal Projectile        Hex/Tloc       0%         N/A       99%         3
 Swiftness                Air            0%         N/A       99%         3
 Tukima's Dance           Hex            0%         N/A       99%         3
 Alistair's Intoxication  Tmut/Pois      0%         N/A       100%        5
 Blade Hands              Tmut           0%         N/A       100%        5


Dungeon Overview and Level Annotations

Branches:
Dungeon (4/15)
 Temple: D:4-7

Altars:
Wu Jian

Annotations:
D:2 Sigmund
D:3 2 transporters, Rustlers's ghost, amateur HuIE


Message History

The orc hits you but does no damage. The wight hits you with a +0 falchion.
You are too injured to fight recklessly!
You closely miss the wight.
The wight is heavily damaged.
The orc hits you from afar with a +0 trident.
The wight closely misses you.
You aren't carrying any items that you can evoke.
Unknown command.
Okay, then.
Sorry, you're not good enough to have a special ability.
Unknown command.
You are confused.
You feel invigorated. The orc closely misses you. The wight closely misses you.
You slash the wight!
The wight is almost destroyed.
The wight barely misses you.
You barely miss the wight.
The wight is almost destroyed.
You feel less invigorated.
You feel less confused. The wight barely misses you.
The wight attacks as you move away! The wight closely misses you.
The wight attacks as you move away! The wight hits you with a +0 falchion!
You feel drained. The wight attacks as you move away!
The wight barely misses you.
You barely miss the wight.
The wight is almost destroyed.
The wight attacks as you move away! The wight closely misses you.
The wight attacks as you move away! The wight hits you but does no damage.
The wight attacks as you move away! The wight hits you with a +0 falchion!
* * * LOW HITPOINT WARNING * * *
The wight attacks as you move away! The wight hits you with a +0 falchion.
* * * LOW HITPOINT WARNING * * *
You feel drained.
* * * LOW HITPOINT WARNING * * *
Okay, then.
It was a potion of flight.
You feel very buoyant.
You fly up into the air.
The wight hits you with a +0 falchion!
You die...

####.......###.....##....#.
#......#######.....##.#...#
#......#.......######.....#
#.....)........# #######.#
##...........oz.# #....##.#
................# #........
..#####...z..#### #...###..
. #.....z###### #. # ###
#......@....# ### #
#...........# ###..###
#...........# #ยง#._...
....###........# ###..###
.... ####..#### ### # ....
##.###### # ### ..
#......## #.. ######..###
### ##########...# #


You could see 2 wights.

Vanquished Creatures
  A black bear (D:4)
  4 gnolls (D:3)
  2 dart slugs
  5 ball pythons
  3 bats (D:1)
  6 endoplasms
  A giant cockroach (D:4)
  3 hobgoblins
  6 jackals (D:3)
  3 quokkas
  2 frilled lizards
  3 goblins
  2 kobolds (D:1)
  5 rats
46 creatures vanquished.

Notes
Turn   | Place    | Note
-------+----------+-------------------------------------------
     0 | D:1      | Lavandula the Human Monk began the quest for the Orb.
     0 | D:1      | Reached XP level 1. HP: 18/18 MP: 1/1
   165 | D:1      | Reached XP level 2. HP: 24/24 MP: 2/2
   565 | D:2      | Reached skill level 4 in Long Blades
   565 | D:2      | Reached XP level 3. HP: 29/29 MP: 3/3
   896 | D:2      | Noticed Sigmund
  1291 | D:3      | Reached XP level 4. HP: 30/35 MP: 4/4
  1380 | D:3      | Reached skill level 5 in Long Blades
  1493 | D:3      | Found a transporter.
  1493 | D:3      | Noticed Rustlers's ghost (amateur HuIE)
  1493 | D:3      | Noticed a phantom
  1495 | D:3      | Found a transporter.
  1916 | D:4      | Found an ornate altar of the Wu Jian Council.
  1928 | D:4      | Noticed a black bear
  1948 | D:4      | HP: 1/35 [black bear (1)]
  1949 | D:4      | Killed a black bear
  1950 | D:4      | Reached skill level 6 in Long Blades
  1950 | D:4      | Reached XP level 5. HP: 2/41 MP: 5/5
  1954 | D:4      | HP: 1/41 [giant cockroach (2)]
  2245 | D:4      | Slain by a wight

Illustrated notes

Levels and vault maps discovered:
D:1:      ncdulo_lavacross, layout_rooms
D:2:      layout_loops_ring, serial_aquarium, aquarium_bridge_square
          [aquarium_subvault_bridge, aquarium_subvault_balcony,
          aquarium_subvault_bridge, aquarium_subvault_window],
          aquarium_bridge_square [aquarium_subvault_bridge,
          aquarium_subvault_wall, aquarium_subvault_bridge,
          aquarium_subvault_bridge], aquarium_window_2, aquarium_window_2,
          aquarium_window_fake, aquarium_window_2, aquarium_view_2a,
          aquarium_pool_side, shapermc_ecumenical_altar_hornbeckon, uniq_sigmund
D:3:      layout_loops_ring, gammafunk_ghost_mausoleum
D:4:      layout_basic, pdpol_wu_jian_five_deadly_venoms

Skill      XL: |  1  2  3  4 |
---------------+-------------+-----
Long Blades    | 4 6 |  6.1
Fighting       | |  3.0
Dodging        | |  3.0
Stealth        | |  2.0

Action                     |  1- 3 |  4- 6 || total
---------------------------+-------+-------++-------
  Melee: Falchion          |    74 |    74 ||   148
         Punch             |       |     2 ||     2
  Throw: Boomerang         |       |     2 ||     2
    Use: Potion            |       |     2 ||     2
   Stab: Sleeping          |     4 |       ||     4
 Armour: Robe              |     4 |       ||     4
         Scale mail        |    12 |    37 ||    49
  Dodge: Dodged            |    48 |    36 ||    84

Table legend: (Time is in decaauts)
 A = Elapsed time spent in this place.
 B = Non-inter-level travel time spent in this place.
 C = Inter-level travel time spent in this place.
 D = Time resting spent in this place.
 E = Time spent auto-exploring this place.
 F = Levels seen in this place.
 G = Mean time per level.
                   A        B        C        D        E       F      G
               +--------+--------+--------+--------+--------+-----+--------+
         Total |   2256 |   2139 |    117 |    149 |   1573 |   4 |  564.0 |
       Dungeon |   2256 |   2139 |    117 |    149 |   1573 |   4 |  564.0 |
               +--------+--------+--------+--------+--------+-----+--------+

Top non-repeatable levels by time:
     D:3: 807 daAuts
     D:1: 585 daAuts
     D:2: 488 daAuts
     D:4: 374 daAuts
